 Dungeon Crawl Stone Soup version 0.18-a0-1745-gffa9a88 (webtiles) character file.

46 MrRokkomies the Vexing (level 3, 0/14 HPs)
             Began as a Felid Enchanter on Apr 12, 2016.
             Was an Initiate of Fedhas.
             Succumbed to an adder's poison
             ... on level 2 of the Dungeon.
             The game lasted 00:09:43 (1628 turns).

MrRokkomies the Vexing (Felid Enchanter)            Turns: 1628, Time: 00:09:44

Health: 0/14       AC:  1    Str:  4    XL:     3   Next: 44%
Magic:  7/7        EV: 18    Int: 22    God:    Fedhas [......]
Gold:   52         SH:  0    Dex: 16    Spells: 2 memorised, 3 levels left
                                        Lives:  0   Deaths: 0

rFire  . . .     SeeInvis +       - Unarmed
rCold  . . .     Gourm    .     (armour unavailable)
rNeg   . . .     Faith    .     (shield unavailable)
rPois  .         Spirit   .     (helmet unavailable)
rElec  .         Dismiss  .     (cloak unavailable)
rCorr  .         Reflect  .     (gloves unavailable)
SustAt .         Harm     .     (boots unavailable)
MR     .....                    (no amulet)
Stlth  +++.......               (no ring)
                                (no ring)

@: brilliant, lethally poisoned (0 -> -19), quick, not resistant to hostile
enchantments, fairly stealthy
A: no armour, no weapons or thrown items, claws 1, fangs 3, see invisible,
carnivore 3, speed 1, shaggy fur 1, slow metabolism 1, sharp paws
a: Renounce Religion


You were on level 2 of the Dungeon.
You worshipped Fedhas.
Fedhas was noncommittal.
You were not hungry.

You visited 1 branch of the dungeon, and saw 2 of its levels.

You collected 52 gold pieces.

Inventory:

Scrolls
 c - a scroll of identify {unknown}
 d - a scroll of remove curse {unknown}
 e - a scroll of fog {unknown}
 g - a scroll of enchant weapon {unknown}
Books
 a - a book of Maledictions

   Spells                             Type                      Level
   a - Corona                         Hexes                        1
   b - Ensorcelled Hibernation        Hexes/Ice                    2
   c - Confuse                        Hexes                        3
   d - Tukima's Dance                 Hexes                        3
   e - Dazzling Spray                 Conjuration/Hexes            3
Comestibles
 b - 4 meat rations
 f - a slice of pizza
 i - a beef jerky


   Skills:
 - Level 2.6 Dodging
 - Level 4.0 Stealth
 * Level 2.4 Unarmed Combat
 - Level 2.0 Spellcasting
 * Level 5.5 Hexes


You had 3 spell levels left.
You knew the following spells:

 Your Spells              Type           Power        Failure   Level  Hunger
a - Corona                Hex            #####..      1%          1    #......
b - Ensorcelled Hibernat  Hex/Ice        ####..       1%          2    ##.....


Dungeon Overview and Level Annotations

Branches:
Dungeon (2/15)

Altars:
Fedhas


Innate Abilities, Weirdness & Mutations

You cannot wear armour.
You are incapable of wielding weapons or throwing items.
You have sharp claws.
You have razor-sharp teeth.
You have supernaturally acute eyesight.
You are carnivorous and can eat meat at any time.
You cover ground quickly.
You are covered in fur (AC +1).
You have a slow metabolism.
Your sharp claws are effective at attacking unaware monsters.


Message History

The adder is heavily wounded.
The adder bites you.
You are poisoned.
The adder poisons you!
You barely miss the adder. You bite the adder, but do no damage.
The adder is heavily wounded.
You feel sick. The adder bites you.
You are lethally poisoned!
The adder poisons you! The adder bites you.
* * * LOW HITPOINT WARNING * * *
You are more poisoned.
The adder poisons you!
A goblin comes into view.
Drink which item? (? for menu, Esc to quit)
It was a potion of brilliance.
You feel clever all of a sudden.
* * * LOW HITPOINT WARNING * * *
You feel sick. The adder closely misses you.
You die...
Fedhas appreciates your contribution to the ecosystem.

##..#..# ###...### .
#......#. ....... ### .#
......... .g....< ... .. #.#
..... #.# #. #w# #...# #.#
#. #.# #...# #.# #. #.# ####
###.S.# ##.## #. #w# #..
..##...# ##...####. ..#
##.###.###@### ##P....##..
### ##.........#..#
#........[# #.........###.#
#..........
#.......#..#..####.......#.#
#................>......##.#
#.......#.###.####.#...###..
#..#....#.....## #.##### ###
#..............# #.#
##.#..#..#####.# #.#


You could see an adder and a goblin (wandering).

Vanquished Creatures
  An adder (D:2)
  A dart slug (D:2)
  2 worms (D:2)
  A giant gecko (D:1)
  2 giant cockroaches (D:1)
  4 goblins (D:1)
  5 hobgoblins
  3 jackals (D:1)
  4 bats (D:1)
  A giant newt (D:1)
  A kobold (D:2)
  3 rats
28 creatures vanquished.

Vanquished Creatures (others)
  5 toadstools (D:2)
5 creatures vanquished.

Grand Total: 33 creatures vanquished

Notes
Turn   | Place    | Note
--------------------------------------------------------------
     0 | D:1      | MrRokkomies the Felid Enchanter began the quest for the Orb.
     0 | D:1      | Reached XP level 1. HP: 7/7 MP: 4/4
   189 | D:1      | Reached XP level 2. HP: 11/11 MP: 6/6
   193 | D:1      | Learned a level 2 spell: Ensorcelled Hibernation
   264 | D:1      | Reached skill level 5 in Hexes
  1092 | D:2      | Reached XP level 3. HP: 14/14 MP: 7/7
  1465 | D:2      | Found a blossoming altar of Fedhas.
  1468 | D:2      | Became a worshipper of Fedhas Madash
  1628 | D:2      | Succumbed to an adder's poison

Vault maps used:
D:1:      dpeg_arrival_lava_altar
D:2:      overflow_temple_1_default

Skill      XL: |  1  2 |
---------------+-------+-----
Hexes          | 5 |  5.5
Unarmed Combat | 2 |  2.4
Dodging        | |  2.6
Stealth        | |  4.0
Spellcasting   | |  2.0

Action                   || total
-------------------------++-------
Melee: Unarmed           ||    70
 Cast: Ensorcelled Hiber ||     8
  Use: Potion            ||     1
 Stab: Sleeping          ||    18
  Eat: Chunk             ||     1
